 Dungeon Crawl Stone Soup version 0.24.0-123-gd5b16e6ec5 (webtiles) character file.

Game seed: 6411429212237049536, levelgen mode: deterministic

537 Inkh5Crawl the Archer (level 7, -1/55 HPs)
             Began as a Centaur Hunter on Feb 8, 2020.
             Shot with an arrow by a centaur (11 damage)
             ... on level 4 of the Dungeon.
             The game lasted 00:20:27 (5335 turns).

Inkh5Crawl the Archer (Centaur Hunter)              Turns: 5335, Time: 00:20:28

Health: -1/55      AC:  6    Str: 17    XL:     7   Next: 5%
Magic:  7/7        EV: 12    Int: 15    God:
Gold:   161        SH:  0    Dex:  9    Spells: 6/6 levels left

rFire    . . .     SeeInvis .   b - +3 quarterstaff (chaos)
rCold    . . .     Gourm    .   (shield currently unavailable)
rNeg     . . .     Faith    .   c - +0 leather armour
rPois    +         Spirit   .   (no helmet)
rElec    .         Reflect  .   t - +1 cloak {rPois}
rCorr    .         Harm     .   (no gloves)
MR       +....     Rnd*Tele +   (no barding)
Stlth    ..........             (no amulet)
HPRegen  0.18/turn              p - +3 ring of evasion
MPRegen  0.10/turn              m - ring of teleportation (curse)

@: confused, brilliant, very quick
A: large, hooves 3, deformed body, speed 2, high mp 1, magic resistance 1, tough
skin 3, subdued magic 1, MP-powered wands
a: no special abilities


You were on level 4 of the Dungeon.
You were not hungry.

You visited 1 branch of the dungeon, and saw 4 of its levels.

You collected 161 gold pieces.

Inventory:

Hand Weapons
 a - a +1 shortbow
 b - a +3 quarterstaff of chaos (weapon)
 u - the +7 dagger of Resourcefulness {pierce, rPois}
   (You took it off an orc on level 4 of the Dungeon)

   It inflicts extra damage upon your enemies.
   It protects you from poison.
 x - a +2 mace of holy wrath
Missiles
 d - 60 arrows
 l - 5 atropa-tipped darts (quivered)
Armour
 c - a +0 leather armour (worn)
 k - a cursed +0 plate armour
 t - a +1 cloak of poison resistance (worn)
Jewellery
 h - an uncursed ring of protection from magic
 i - an uncursed ring of flight
 m - a cursed ring of teleportation (right hand)
 p - a +3 ring of evasion (left hand)
Wands
 v - a wand of flame (15)
 w - a wand of enslavement (7)
Scrolls
 e - a scroll of enchant armour
 g - 3 scrolls of identify
Potions
 n - a potion of cancellation
 o - a potion of magic
Comestibles
 f - 10 rations


   Skills:
 - Level 2.1 Fighting
 + Level 10.9 Bows
 - Level 1.4 Dodging
 - Level 0.5 Stealth


You had 6 spell levels left.
You didn't know any spells.
Your spell library was empty.

Dungeon Overview and Level Annotations

Branches:
Dungeon (4/15)
 Temple: D:4-7

Altars:
Fedhas


Innate Abilities, Weirdness & Mutations

You have hooves in place of feet.
Armour fits poorly on your strangely shaped body.
You cover ground very quickly.
You have extremely tough skin. (AC +3)
You have an increased reservoir of magic. (+10% MP)
You are resistant to hostile enchantments. (MR+)
Your spells are a little easier to cast, but a little less powerful.
You expend magic power (3 MP) to strengthen your wands.


Message History

The centaur shoots an arrow.
The arrow hits you.
* * * LOW HITPOINT WARNING * * *
You hear a shout!
Okay, then.
It was a potion of mutation.
You feel extremely strange.
You feel resistant to hostile enchantments.
You feel your magical essence link to the dungeon's wands.
Your connection to magic feels subdued.
You feel more energetic.
You hear a shout!
The centaur shoots an arrow.
The arrow hits you.
* * * LOW HITPOINT WARNING * * *
It was a potion of ambrosia.
You are confused.
You feel invigorated.
A centaur comes into view.
It was a potion of brilliance.
You feel clever all of a sudden.
The centaur wields a +0 shortbow.
The centaur shoots an arrow.
The arrow hits you!
You die...

. .....#.###.# ...# #
######.#+###.## ###..
#....#....#...# ##.
#.##.#....#...# .
#.##.#....#...# ..
#.##.#....##.##
#.#..........#
#.#..#.....#############
.......#........@).cc..#
#..#.#.###.#########.#.#
.....#.# #.# .......#
#.# .#.#######.#
..........<#
...######### ##.# ###


You could see 2 centaurs.

Vanquished Creatures
  A scorpion (D:4)
  A howler monkey (D:4)
  2 hounds (D:4)
  Crazy Yiuf (D:2)
  3 orc priests
  2 orc wizards (D:3)
  9 adders
  A shadow imp (D:4)
  An ooze (D:1)
  2 worms (D:3)
  A dart slug (D:1)
  A leopard gecko (D:4)
  16 orcs
  2 ball pythons
  3 giant cockroaches
  14 goblins
  9 hobgoblins
  2 jackals (D:3)
  2 quokkas (D:2)
  16 bats
  7 frilled lizards
  6 kobolds
  10 rats
112 creatures vanquished.

Notes
Turn   | Place    | Note
-------+----------+-------------------------------------------
     0 | D:1      | Inkh5Crawl the Centaur Hunter began the quest for the Orb.
     0 | D:1      | Reached XP level 1. HP: 17/17 MP: 1/1
   330 | D:1      | Reached XP level 2. HP: 19/24 MP: 2/2
   497 | D:1      | Reached skill level 6 in Bows
   823 | D:1      | Reached XP level 3. HP: 24/29 MP: 3/3
  1626 | D:1      | Reached skill level 7 in Bows
  2099 | D:2      | Reached XP level 4. HP: 36/36 MP: 4/4
  2113 | D:2      | You fall into a shaft and drop 1 floor!
  2537 | D:3      | Reached skill level 8 in Bows
  3092 | D:2      | Reached XP level 5. HP: 40/41 MP: 5/5
  3363 | D:2      | Found a blossoming altar of Fedhas.
  3415 | D:2      | Found a runed translucent door.
  3416 | D:2      | Noticed Crazy Yiuf
  3444 | D:2      | Killed Crazy Yiuf
  3760 | D:3      | Reached skill level 9 in Bows
  4065 | D:3      | Reached XP level 6. HP: 48/48 MP: 6/6
  4556 | D:4      | Reached skill level 10 in Bows
  5166 | D:4      | Identified the +7 dagger of Resourcefulness {pierce, rPois}
  5331 | D:4      | Reached XP level 7. HP: 15/55 MP: 7/7
  5333 | D:4      | Gained mutation: You are resistant to hostile enchantments.
                  | (MR+) [potion of mutation]
  5333 | D:4      | Gained mutation: You expend magic power (3 MP) to
                  | strengthen your wands. [potion of mutation]
  5333 | D:4      | Gained mutation: Your spells are a little easier to cast,
                  | but a little less powerful. [potion of mutation]
  5333 | D:4      | Gained mutation: You have an increased reservoir of magic.
                  | (+10% MP) [potion of mutation]
  5333 | D:4      | HP: 1/55 [centaur/arrow (6)]
  5335 | D:4      | Shot with an arrow by a centaur

Levels and vault maps discovered:
D:1:      dpeg_arrival_yet_another_circle, layout_rooms,
          hangedman_abyss_or_decor_lesser_grid
D:2:      layout_basic, fedhas_altar_fruit_tree, uniq_crazy_yiuf_cottage
D:3:      layout_loops_corners
D:4:      wad_river_or_something, layout_basic, first_ration,
          minmay_manual_mares

Skill      XL: |  1  2  3  4  5  6 |
---------------+-------------------+-----
Bows           | 6 7 8 9 10 | 10.9
Fighting       | |  2.1
Dodging        | |  1.4
Stealth        | |  0.5

Action                   |  1- 3 |  4- 6 |  7- 9 || total
-------------------------+-------+-------+-------++-------
Melee: Short sword       |   140 |   116 |       ||   256
       Kick              |    26 |    36 |       ||    62
       Quarterstaff      |       |    76 |       ||    76
 Fire: Shortbow          |     3 |    30 |       ||    33
Throw: Dart              |       |     6 |       ||     6
  Use: Scroll            |       |     7 |       ||     7
       Potion            |       |       |     4 ||     4
  Eat: Chunk             |     3 |     9 |       ||    12
Armor: Leather armour    |    62 |    59 |       ||   121
Dodge: Dodged            |    70 |    89 |       ||   159
